 Dungeon Crawl Stone Soup version 0.27.1-34-g3ba077fa99 (webtiles) character file.

Game seed: 9178392001283201642

30 cbfl8 the Sneak (level 3, -2/33 HPs)
             Began as a Minotaur Delver on Jan 20, 2022.
             Slain by an ice beast (13 damage)
             ... on level 5 of the Dungeon.
             The game lasted 00:00:31 (105 turns).

cbfl8 the Sneak (Minotaur Delver)                    Turns: 105, Time: 00:00:32

Health: -2/33      AC:  3    Str: 16    XL:     3   Next: 3%
Magic:  2/2        EV: 12    Int:  8    God:
Gold:   0          SH:  0    Dex: 11    Spells: 2/2 levels left

rFire    . . .     SeeInvis .   a - +0 hand axe
rCold    . . .     Faith    .   (no shield)
rNeg     . . .     Spirit   .   b - +0 leather armour
rPois    .         Reflect  .   (helmet restricted)
rElec    .         Harm     .   (no cloak)
rCorr    .         Rampage  .   (no gloves)
Will     .....                  (no boots)
Stlth    ++........             (no amulet)
HPRegen  0.11/turn              (no ring)
MPRegen  0.08/turn              (no ring)

@: no status effects
A: horns 2, retaliatory headbutt
a: no special abilities


You were on level 5 of the Dungeon.
You visited 1 branch of the dungeon, and saw 1 of its levels.

Inventory:

Hand Weapons
 a - a +0 hand axe (weapon)
Armour
 b - a +0 leather armour (worn)
Wands
 g - a wand of digging (3)
Scrolls
 c - a scroll of fog
 e - a scroll of fear
Potions
 f - a potion of haste


   Skills:
 + Level 3.9 Fighting
 + Level 2.5 Axes
 + Level 2.3 Dodging
 + Level 4.7 Stealth


You had 2 spell levels left.
You didn't know any spells.
Your spell library was empty.

Dungeon Overview and Level Annotations

Branches:
Dungeon (5/15)
 Temple: D:4-7

Altars:


Innate Abilities, Weirdness & Mutations

You have a pair of horns on your head.
You reflexively headbutt those who attack you in melee.


Message History

Welcome, cbfl8 the Minotaur Delver.
The bosom of this dungeon contains the transcendent artefact, the Orb of Zot.
Press ? for a list of commands and other information.
Found 20 gold pieces.
Found a stone staircase leading down.
Unknown command.
As you read the scroll of magic mapping, it crumbles to dust.
You feel aware of your surroundings.
Found 14 stones.
A jelly comes into view.
The jelly quivers.
You slash the jelly!
Your hands burn!
You headbutt the jelly!
The jelly is almost dead.
The jelly hits you but does no damage.
You hit the jelly but do no damage.
Your hands burn!
You headbutt the jelly.
You kill the jelly!
You have reached level 2!
You have reached level 3!
Your experience leads to an increase in your attributes!
Increase (S)trength, (I)ntelligence, or (D)exterity?
You feel clever.
You start resting.
HP restored.
A scorpion zombie comes into view.
Found 10 gold pieces.
An ice beast comes into view.
Found 21 gold pieces.
You see here 10 gold pieces.
The ice beast hits you. The ice beast freezes you!
You closely miss the ice beast. Your headbutt misses the ice beast.
The ice beast hits you. The ice beast freezes you!
You die...

,,,,,,*,* ##...###...#**,,,*
**,,*,*,* ##.#.#.#.....#*,,,,
**,,*,*,** #............#*,,,*
,,,,*,,,,* #..#.#.#......,,,,,
,*******,* #.#...###......,,,,
,,,,*,,,,* #.##.##*##.#....,,,
**,,*,**** #....#,,,Z...##..,*
*,,*,**#######$.###,,,,,,,**,,,*
**,,,,,,........@# *,,,,,,,,,,,,,
,,,*****########Y# *,,,,,,,***,,*
**** *#.#**,,,,,,,* *,,*
********* *..$**,,,,,,,* *,,*
,,,,,,,,* ***...#*,,,<,,,* *,,*
*******,* *,.....,***,**** *,,*
*******,*****,......,,,,******,,*
,,,,,,,,,,,,,.......*,,,,,,,,,,,*
,******,****,**,,,***,,,*******,*


You could see an ice beast.

Vanquished Creatures
  A jelly (D:5)
1 creature vanquished.

Notes
Turn   | Place    | Note
-------+----------+-------------------------------------------
     0 | D:5      | cbfl8 the Minotaur Delver began the quest for the Orb.
     0 | D:5      | Reached XP level 1. HP: 19/19 MP: 0/0
    21 | D:5      | Noticed a jelly
    24 | D:5      | Killed a jelly
    25 | D:5      | Reached XP level 2. HP: 22/27 MP: 1/1
    25 | D:5      | Reached XP level 3. HP: 26/33 MP: 2/2
   100 | D:5      | Noticed an ice beast
   105 | D:5      | Slain by an ice beast

Illustrated notes

Levels and vault maps discovered:
D:5:      minmay_thinvault, layout_loops_ring, uniq_crazy_yiuf_cottage

Action                   || total
-------------------------++-------
Melee: Hand axe          ||     3
       Headbutt          ||     2
  Use: Scroll            ||     1
Armor: Leather armour    ||     1
